 Dungeon Crawl Stone Soup version 0.28.0-47-ge53b351184 (webtiles) character file.

Game seed: 1107465074044077713

16 GigaChad the Covered (level 2, -2/25 HPs)
             Began as a Barachi Fighter on Apr 28, 2022.
             Was a Believer of Lugonu.
             Slain by a worm (4 damage)
             ... on level 2 of the Dungeon.
             The game lasted 00:02:35 (504 turns).

GigaChad the Covered (Barachi Fighter)               Turns: 504, Time: 00:02:36

Health: -2/25      AC:  8    Str: 17    XL:     2   Next: 58%
Magic:  2/2        EV:  9    Int:  8    God:    Lugonu [**....]
Gold:   11         SH:  4    Dex: 11    Spells: 1/1 levels left

rFire   . . .      SeeInvis .   a - +0 long sword
rCold   . . .      Faith    .   c - +0 buckler
rNeg    . . .      Spirit   .   b - +1 scale mail
rPois   .          Reflect  .   (no helmet)
rElec   .          Harm     .   (no cloak)
rCorr   .          Rampage  .   (no gloves)
Will    .....                   (no boots)
Stlth   ..........              (no amulet)
HPRegen 0.08/turn               (no ring)
MPRegen 0.08/turn               (no ring)

@: slow
A: amphibious, slowness 1, strong legs 1, +LOS
a: Hop, Renounce Religion, Depart the Abyss, Bend Space


You were on level 2 of the Dungeon.
You worshipped Lugonu.
Lugonu was pleased with you.
You visited 1 branch of the dungeon, and saw 2 of its levels.

You collected 11 gold pieces.

Inventory:

Hand Weapons
 a - a +0 long sword (weapon)
Armour
 b - a +1 scale mail (worn)
 c - a +0 buckler (worn)
Scrolls
 f - a scroll of teleportation {unknown}
 h - a scroll of identify {unknown}
Potions
 d - a potion of might
 e - a potion of brilliance {unknown}
 g - a potion of curing {unknown}
 i - a potion of mutation {unknown}


   Skills:
 + Level 3.9 Fighting
 + Level 2.6 Long Blades
 + Level 4.0 Armour
 + Level 0.1 Dodging
 + Level 3.6 Shields


You had one spell level left.
You didn't know any spells.
Your spell library was empty.

Dungeon Overview and Level Annotations

Branches:
Dungeon (1/15)

Altars:
Lugonu

Shops:
D:1 (


Innate Abilities, Weirdness & Mutations

You are amphibious.
You cover ground slowly.
You can hop short distances.
You have an extended range of vision and can be seen from far away.


Message History

The worm is lightly wounded.
You block the worm's attack.
You barely miss the worm.
The worm is lightly wounded.
The worm bites you.
You hit the worm but do no damage.
The worm is lightly wounded.
The worm bites you but does no damage.
You hit the worm but do no damage. The worm bites you!
You hit the worm.
The worm is moderately wounded.
The worm barely misses you. The worm closely misses you.
You hit the worm.
The worm is heavily wounded.
You block the worm's attack. The worm barely misses you.
You hit the worm.
The worm is severely wounded.
The worm bites you but does no damage. The worm completely misses you.
You hit the worm.
The worm is severely wounded.
The worm bites you.
* * * LOW HITPOINT WARNING * * *
You barely miss the worm.
The worm is severely wounded.
The worm barely misses you. x2
There is an open door, spattered with blood here.
You slash the worm!
The worm is moderately wounded.
The worm bites you.
* * * LOW HITPOINT WARNING * * *
The worm closely misses you.
You hit the worm.
The worm is heavily wounded.
You barely miss the worm.
The worm is heavily wounded.
You block the worm's attack. The worm bites you but does no damage.
You completely miss the worm.
The worm is heavily wounded.
The worm bites you but does no damage. The worm bites you.
You die...

######## ........ .....$..
###############........
#..........>..@w.[.....
#............w#........
#.............#########
#.............##############
#.............'............+
#.............#.############
#.............#.#
#.............#.#
#.............#.#


You could see 2 worms.

Vanquished Creatures
  A ball python (D:2)
  2 bats (D:1)
  2 endoplasms (D:1)
  A goblin (D:1)
  6 kobolds (D:1)
  3 frilled lizards (D:1)
  3 rats
  A bush (D:1)
19 creatures vanquished.

Vanquished Creatures (others)
  7 plants (D:1)
7 creatures vanquished.

Grand Total: 26 creatures vanquished

Notes
Turn   | Place    | Note
-------+----------+-------------------------------------------
     0 | D:1      | GigaChad the Barachi Fighter began the quest for the Orb.
     0 | D:1      | Reached XP level 1. HP: 18/18 MP: 1/1
    37 | D:1      | Found a faded altar of an unknown god.
    54 | D:1      | Prayed at the altar of an unknown god.
    54 | D:1      | Became a worshipper of Lugonu the Unformed
    54 | D:1      | Reached * piety under Lugonu
    54 | D:1      | Reached ** piety under Lugonu
    93 | D:1      | Reached XP level 2. HP: 10/25 MP: 2/2
   400 | D:1      | Found Loxza's Weapon Shoppe.
   455 | D:1      | You fall into a shaft and drop 1 floor!
   473 | D:2      | Reached skill level 4 in Armour
   504 | D:2      | Slain by a worm

Illustrated notes

Levels and vault maps discovered:
D:1:      saegor_arrival_miasma, layout_loops_ring, serial_shops,
          nicolae_shop_competitors_out_of_business,
          hellmonk_ecumenical_altar_heavens_door, minivault_14,
          lexackson_kobold_supper
D:2:      layout_basic

Skill      XL: |  1  2 |
---------------+-------+-----
Armour         | 4 |  4.0
Fighting       | |  3.9
Long Blades    | |  2.6
Dodging        | |  0.1
Shields        | |  3.6

Action                   || total
-------------------------++-------
Melee: Long sword        ||   120
 Abil: Hop               ||     1
  Use: Scroll            ||     1
Armor: Scale mail        ||    27
Dodge: Dodged            ||    30
Block: Buckler           ||    11
